 Dungeon Crawl Stone Soup version 0.30-a0-242-g7bf8e6d787 (webtiles) character file.

Game seed: 1543718340329890573

984 KennySheep the Grasshopper (level 8, -4/80 HPs)
             Began as an Ogre Warper on Oct 11, 2022.
             Was a Follower of Cheibriados.
             Slain by a troll (15 damage)
             ... on level 6 of the Dungeon.
             The game lasted 00:25:58 (5838 turns).

KennySheep the Grasshopper (Ogre Warper)            Turns: 5838, Time: 00:25:59

Health: -4/80      AC:  5    Str: 15 (18) XL:     8   Next: 18%
Magic:  11/14      EV: 10    Int: 16 (18) God:    Cheibriados [*.....]
Gold:   33         SH:  0    Dex:  9 (10) Spells: 3/15 levels left

rFire   . . .      SeeInvis .    h - +0 giant club
rCold   + . .      Faith    .    (shield currently unavailable)
rNeg    . . .      Spirit   .    g - +2 robe {rC+}
rPois   .          Reflect  .    (helmet restricted)
rElec   .          Harm     .    (no cloak)
rCorr   .          Rampage  .    (gloves unavailable)
Will    .....                    (boots unavailable)
Stlth   +.........               b - amulet of regeneration
HPRegen 1.13/turn                (no ring)
MPRegen 0.14/turn                (no ring)

@: on blink cooldown, very slow
A: large, unfitting armour, tough skin 1
a: Renounce Religion, Bend Time


You were on level 6 of the Dungeon.
You worshipped Cheibriados.
Cheibriados was aware of your devotion.
You visited 2 branches of the dungeon, and saw 7 of its levels.

You collected 259 gold pieces.
You spent 226 gold pieces at shops.

Inventory:

Hand Weapons
 a - a +0 mace
 h - a +0 giant club (weapon)
Missiles
 d - 5 boomerangs of dispersal
 k - 8 curare-tipped darts (quivered)
Armour
 g - a +2 robe of cold resistance (worn)
Jewellery
 b - an amulet of regeneration (around neck)
Wands
 n - a wand of paralysis (7)
 v - a wand of roots (4)
Scrolls
 c - 2 scrolls of blinking
 e - 2 scrolls of noise
 f - 2 scrolls of amnesia
 i - a scroll of teleportation
 j - 3 scrolls of magic mapping
 l - a scroll of identify
 p - a scroll of torment
 q - a scroll of enchant armour {unknown}
 r - a scroll of immolation {unknown}
 u - a scroll of vulnerability {unknown}
Potions
 m - a potion of curing
 o - a potion of cancellation


   Skills:
 + Level 5.1 Fighting
 * Level 4.7 Maces & Flails
 - Level 1.0 Throwing
 + Level 3.7 Dodging
 + Level 4.4 Spellcasting
 * Level 5.2 Translocations


You had 3 spell levels left.
You knew the following spells:

 Your Spells              Type           Power      Damage    Failure   Level
a - Blink                 Tloc           40%        N/A       2%          2
b - Vhi's Electric Charg  Tloc/Air       22%        N/A       17%         3
c - Manifold Assault      Tloc           20%        N/A       19%         4
d - Teleport Other        Tloc           20%        N/A       5%          3

Your spell library contained the following spells:

 Spells                   Type           Power      Damage    Failure   Level
 Lesser Beckoning         Tloc           40%        N/A       5%          3
 Cigotuvi's Dreadful Rot  Necr/Pois/Air  6%         N/A       24%         2
 Sublimation of Blood     Necr           3%         N/A       24%         2
 Dispel Undead            Necr           3%         3d7       85%         4
 Petrify                  Tmut/Erth      3%         N/A       85%         4
 Irradiate                Conj/Tmut      1%         3d12      99%         5
 Death Channel            Necr           1%         N/A       100%        6


Dungeon Overview and Level Annotations

Branches:
Dungeon (6/15)             Temple (1/1) D:5

Altars:
Ashenzari
Cheibriados
Elyvilon
Gozag
Kikubaaqudgha
Makhleb
Nemelex Xobeh
Okawaru
Qazlal
Sif Muna
Uskayaw
Vehumet
Wu Jian
Xom
Yredelemnul
Zin
The Shining One

Shops:
D:6 ![*

Annotations:
D:3 Sigmund
D:5 Edmund


Innate Abilities, Weirdness & Mutations

You are too large for most types of armour.
You have tough skin. (AC +1)


Message History

The hound barely misses you.
You barely miss the hound. The hound barely misses you. The hound bites you.
You bludgeon the hound!!
You kill the hound!
Cheibriados thoroughly appreciates the change of pace.
You closely miss the orc. The orc hits you with a +0 club.
You barely miss the troll. The troll bites you! The troll claws you.
The troll claws you but does no damage.
You hit the troll but do no damage. The troll bites you! The troll claws you!
The troll claws you.
* * * LOW HITPOINT WARNING * * *
The troll bites you.
* * * LOW HITPOINT WARNING * * *
The troll claws you but does no damage. The troll barely misses you.
You closely miss the troll. The troll bites you.
* * * LOW HITPOINT WARNING * * *
The troll claws you!
* * * LOW HITPOINT WARNING * * *
The troll closely misses you.
Okay, then.
Casting: Manifold Assault (dangerous; 19% risk of failure)
Confirm with . or Enter, or press ? or * to list all spells.
You blink.
You feel stable enough to blink again.
Casting: Blink (safe; 2% risk of failure)
Confirm with . or Enter, or press ? or * to list all spells.
You blink.
Casting: Blink (safe; 2% risk of failure)
Confirm with . or Enter, or press ? or * to list all spells.
Okay, then.
You sock the troll!
The troll is moderately wounded.
The troll bites you!
* * * LOW HITPOINT WARNING * * *
The troll barely misses you. The troll claws you!
* * * LOW HITPOINT WARNING * * *
You feel better.
The adder hisses angrily.
The troll bites you!
You die...

.......######.#..(... ......∩#
###.S....##
....>..####)........#
............8.......# .....#
...>..<†............# .....#
†|.....##.8<∩.8....## .....#
.......#####........###......#
.......# #8................
.......# #....@....# ...
[......# ###..T..#####.#
######## ##..o.# #o.#
#######..##.# #†##
#.......###.####T# #....####
#...#..# #...## ###...## #...#
#...## #...########.#.#


You could see a troll, an adder and an orc.

Vanquished Creatures
  An ice beast (D:6)
  A black bear (D:6)
  An ogre (D:6)
  A phantom (D:5)
  A necrophage (D:6)
  4 hounds
  2 orc priests
  Jessica (D:3)
  An iguana (D:6)
  8 orc wizards
  3 adders
  A shadow imp (D:5)
  3 worms
  6 dart slugs
  16 orcs
  9 endoplasms
  4 giant cockroaches
  8 goblins
  5 hobgoblins
  8 jackals
  A quokka (D:2)
  9 ball pythons
  4 bats
  6 frilled lizards
  7 kobolds
  5 rats
116 creatures vanquished.

Vanquished Creatures (others)
  3 plants (D:5)
3 creatures vanquished.

Grand Total: 119 creatures vanquished

Notes
Turn   | Place    | Note
-------+----------+-------------------------------------------
     0 | D:1      | KennySheep the Ogre Warper began the quest for the Orb.
     0 | D:1      | Reached XP level 1. HP: 22/22 MP: 3/3
   194 | D:1      | Reached XP level 2. HP: 29/29 MP: 5/5
   749 | D:2      | Learned a level 2 spell: Blink
   760 | D:2      | Reached XP level 3. HP: 37/37 MP: 6/6
   981 | D:2      | Learned a level 3 spell: Vhi's Electric Charge
  1911 | D:3      | Noticed Jessica
  2015 | D:3      | Killed Jessica
  2016 | D:3      | Reached XP level 4. HP: 30/45 MP: 8/8
  2250 | D:2      | Learned a level 4 spell: Manifold Assault
  2357 | D:3      | Reached XP level 5. HP: 45/53 MP: 9/9
  2756 | D:3      | Noticed Sigmund
  3813 | D:5      | Entered Level 5 of the Dungeon
  3913 | D:5      | Found a glowing silver altar of Zin.
  3929 | D:5      | Noticed a phantom
  3949 | D:5      | Killed a phantom
  3950 | D:5      | Reached XP level 6. HP: 55/62 MP: 8/11
  4219 | D:5      | Found a white marble altar of Elyvilon.
  4258 | D:5      | Reached XP level 7. HP: 39/70 MP: 12/12
  4295 | D:5      | Noticed Edmund
  4301 | D:5      | Learned a level 3 spell: Teleport Other
  4312 | D:5      | Found a staircase to the Ecumenical Temple.
  4333 | Temple   | Entered the Ecumenical Temple
  4517 | Temple   | Became a worshipper of Cheibriados the Contemplative
  4902 | D:6      | Found Nazuof's Assorted Antiques.
  4982 | D:6      | Bought a scroll labelled ODAB COACLU for 29 gold pieces
  4982 | D:6      | Bought a glowing inky potion for 26 gold pieces
  4982 | D:6      | Bought a fizzy purple potion for 26 gold pieces
  4982 | D:6      | Bought a scroll labelled GUM ERYOVAI for 29 gold pieces
  4982 | D:6      | Bought a crooked gold wand for 116 gold pieces
  5103 | D:6      | Found Zudd's Distillery.
  5468 | D:6      | Found Utidihon's Armour Shop.
  5563 | D:6      | Reached skill level 5 in Fighting
  5563 | D:6      | Reached skill level 5 in Translocations
  5563 | D:6      | Reached XP level 8. HP: 59/80 MP: 10/14
  5813 | D:6      | Noticed a troll
  5818 | D:6      | Reached * piety under Cheibriados
  5837 | D:6      | HP: 3/80 [troll (8)]
  5838 | D:6      | Slain by a troll

Illustrated notes

Levels and vault maps discovered:
D:1:      dpeg_arrival_rooms_b, layout_rooms, serial_bayou, serial_bayou_ford_a,
          serial_bayou_shore_b, serial_bayou_crossing, serial_bayou_shore_a
D:2:      layout_loops_corners
D:3:      layout_rooms, uniq_jessica, uniq_sigmund
D:4:      layout_basic
D:5:      wad_pebble_path, layout_basic, mainiacjoe_overflow_boulevard,
          mainiacjoe_overflow_alcove_1, minmay_temple_entry_overgrown,
          minmay_misc_feat_iff, hangedman_decor_points, uniq_edmund
D:6:      layout_rooms, serial_shops, nicolae_shop_statue_plus, shop_fountains,
          shop_fountains, shop
Temple:   nicolae_temple_superstar

Skill      XL: |  1  2  3  4  5  6  7 |
---------------+----------------------+-----
Maces & Flails | 2 3 4 |  4.7
Translocations | 3 4 5 |  5.2
Fighting       | 3 4 5 |  5.1
Spellcasting   | 3 4 |  4.4
Dodging        | 3 |  3.7
Throwing       | |  1.0

Action                   |  1- 3 |  4- 6 |  7- 9 || total
-------------------------+-------+-------+-------++-------
Melee: Mace              |   150 |   286 |   175 ||   611
       Punch             |       |     2 |       ||     2
       Giant club        |       |       |    29 ||    29
Throw: Boomerang         |       |     2 |       ||     2
 Cast: Blink             |       |     3 |     4 ||     7
       Vhi's Electric Ch |       |     3 |     2 ||     5
       Teleport Other    |       |       |     8 ||     8
       Manifold Assault  |       |       |     3 ||     3
  Use: Potion            |       |     3 |     7 ||    10
       Scroll            |       |     5 |     2 ||     7
 Stab: Distracted        |     1 |       |       ||     1
Armor: Robe              |    44 |   108 |   104 ||   256
Dodge: Dodged            |    75 |   139 |   134 ||   348

Table legend: (Time is in decaauts)
 A = Elapsed time spent in this place.
 B = Non-inter-level travel time spent in this place.
 C = Inter-level travel time spent in this place.
 D = Time resting spent in this place.
 E = Time spent auto-exploring this place.
 F = Levels seen in this place.
 G = Mean time per level.
                   A        B        C        D        E       F      G
               +--------+--------+--------+--------+--------+-----+--------+
         Total |   6224 |   5680 |    544 |    728 |   3355 |   7 |  889.1 |
       Dungeon |   6004 |   5515 |    489 |    728 |   3205 |   6 | 1000.7 |
        Temple |    219 |    165 |     54 |      0 |    150 |   1 |  219.0 |
               +--------+--------+--------+--------+--------+-----+--------+

Top non-repeatable levels by time:
     D:2: 1468 daAuts
     D:5: 1249 daAuts
     D:4: 1048 daAuts
     D:1: 787 daAuts
     D:3: 770 daAuts
     D:6: 680 daAuts
  Temple: 219 daAuts
